Map: Neon Violet Square LE

Players

Imperius - Winner!

  • Race: Terran Terran
  • Spawn Location: 5:00

VOD

Have the link to the VOD?

Description

Time

  • Played on: April 28, 2025, 3:06 p.m.
  • Length: 27:55
Show
View Real Time Build Order
Export as new Build Order

Imperius Terran - Winner!

Build Orders:  

Get SALT Encoding   

  12  0:05  SCV  
  13  0:22  SCV  
  14  0:32  Supply Depot  
  14  0:56  SCV  
  15  1:05  Barracks  
  15  1:16  SCV  
  16  1:32  SCV  
  17  1:49  SCV  
  18  2:00  Refinery  
  18  2:06  SCV  
  19  2:24  Orbital Command  
  19  3:00  Supply Depot  
  19  3:09  SCV  
  20  3:41  Barracks Reactor  
  20  3:45  SCV  
  21  4:02  Supply Depot  
  21  4:25  Refinery  
  21  4:42  Factory  
  30  4:50  Marine x2  
  23  5:14  Marine  
  23  5:15  Marine  
  25  5:27  Command Center  
  25  5:35  SCV  
  25  5:39  Marine  
  27  5:40  Marine  
  28  5:52  SCV  
  29  6:03  Factory Tech Lab  
  29  6:04  Marine  
  29  6:05  Marine  
  29  6:09  SCV  
  32  6:26  SCV  
  32  6:29  Marine  
  34  6:30  Marine  
  34  6:35  Siege Tank  
  38  6:54  Marine  
  39  7:07  Marine  
  40  7:10  Supply Depot  
  40  7:19  Marine  
  41  7:20  Siege Tank  
  44  7:32  Marine  
  45  7:44  Marine  
  45  7:49  Barracks  
  46  7:56  Marine  
  47  8:05  Starport  
  47  8:06  SCV  
  47  8:09  Marine  
  49  8:13  Siege Tank  
  50  8:21  Marine, SCV  
  51  8:38  SCV  
  52  8:55  SCV  
  52  8:58  Siege Tank  
  56  9:12  SCV  
  57  9:29  SCV  
  58  9:31  Medivac  
  58  9:39  Refinery  
  60  9:45  Refinery  
  60  9:46  SCV  
  61  10:03  SCV  
  61  10:08  Supply Depot  
  62  10:38  Siege Tank, Medivac, SCV  
  68  10:45  Marine  
  68  10:46  Marine  
  70  11:02  Supply Depot  
  70  11:11  Supply Depot  
  70  11:32  Marine x3, Siege Tank, SCV  
  70  11:35  Supply Depot  
  72  11:49  SCV  
  68  11:57  Marine x3  
  62  12:06  SCV  
  55  12:22  Marine x3  
  55  12:23  SCV  
  59  12:40  SCV  
  59  12:47  Marine x3  
  66  13:12  Marine x3  
  69  13:35  Command Center  
  69  13:37  Marine x3  
  72  13:47  Siege Tank  
  75  14:02  Marine x3, Unknown, Medivac  
  80  14:27  Marine x3  
  83  14:32  Siege Tank  
  86  14:44  Medivac  
  88  14:52  Marine x3  
  87  15:17  Marine, Siege Tank  
  91  15:26  Medivac  
  75  16:01  Siege Tank  
  75  16:08  Medivac  
  80  16:12  Barracks Reactor  
  80  16:44  Marine  
  80  16:45  Marine  
  80  16:46  Siege Tank  
  85  16:50  Viking  
  87  17:09  Marine  
  88  17:10  Marine  
  89  17:31  Viking  
  89  17:34  Marine x2  
  93  17:59  Marine x2  
  95  18:13  Viking  
  91  18:55  Viking  
  89  23:14  Marine x2  
  89  23:15  Marine x2  
  96  23:31  Siege Tank  
  96  23:39  Marine x2  
  143  23:40  Marine x2  
  103  24:04  Marine x3  
  103  24:05  Marine  
  107  24:24  Unknown  
  107  24:29  Marine x2  
  109  24:55  Marine x2  
Tags
 
Add a new tag
Caveats
  • Supply blocks, unpowered buildings, or Contaminate may cause inaccurate times.
  • Supply counts are checked every 10 seconds.